 Dungeon Crawl Stone Soup version 0.17.1-1-g73c8601 (webtiles) character file.

427 Runnr the Shield-Bearer (level 6, 0/40 HPs)
             Began as a Gargoyle Fighter on Jan 2, 2016.
             Slain by an ogre
             ... wielding a +0 giant club
              (18 damage)
             ... on level 4 of the Dungeon.
             The game lasted 00:07:59 (3098 turns).

Runnr the Shield-Bearer (Gargoyle Fighter)          Turns: 3098, Time: 00:08:00

Health: 0/40       AC:  8    Str: 17    XL:     6   Next: 97%
Magic:  19/24      EV:  9    Int:  9    God:
Gold:   172        SH:  9    Dex: 11    Spells: 0 memorised, 5 levels left

rFire  + + .     SeeInvis .     a - +0 war axe
rCold  . . .     Clarity  .     B - +2 robe of the Guilds {rF++ MR+ MP+9 Str-2}
rNeg   + . .     SustAt   .     c - +0 shield
rPois  ∞         Gourm    .     (no helmet)
rElec  +         Spirit   .     (no cloak)
rCorr  .         Warding  .     (no gloves)
rMut   .         Stasis   .     (no boots)
MR     +....                    (no amulet)
Stlth  +.........               (no ring)
                                p - ring of magical power

@: somewhat resistant to hostile enchantments, very unstealthy
A: negative energy resistance 1, electricity resistance, unbreathing,
petrification resistance, rot immunity, AC +4
a: no special abilities


You were on level 4 of the Dungeon.
You were not hungry.

You visited 1 branch of the dungeon, and saw 4 of its levels.

You collected 172 gold pieces.

Inventory:

Hand Weapons
 a - a +0 war axe (weapon)
 y - a +2 antimagic mace
 z - a cursed -3 hand axe
Armour
 b - a +0 scale mail
 c - a +0 shield (worn)
 B - the +2 robe of the Guilds (worn) {rF++ MR+ MP+9 Str-2}
   (You found it on level 4 of the Dungeon)

   It affects your strength (-2).
   It greatly protects you from fire.
   It affects your resistance to hostile enchantments.
   It affects your magic capacity (+9).
Jewellery
 p - a ring of magical power (left hand)
Wands
 n - a wand of fireball (7)
 t - a wand of confusion (23)
Scrolls
 f - 2 scrolls of teleportation
 h - 2 scrolls of enchant weapon {unknown}
 i - 4 scrolls of fog {unknown}
 j - a scroll of noise {unknown}
 k - a scroll of remove curse
 l - 2 scrolls of fear {unknown}
 o - a scroll of amnesia {unknown}
 q - a scroll of random uselessness {unknown}
 w - a scroll of blinking {unknown}
Potions
 d - a potion of might
 m - a potion of flight
 r - a potion of magic
 s - 2 potions of curing {unknown}
 v - a potion of agility
 x - a potion of mutation {unknown}
 A - a potion of lignification {unknown}
 C - a potion of brilliance {unknown}
Comestibles
 e - 5 bread rations
 g - 9 chunks of flesh
 u - a slice of pizza


   Skills:
 + Level 5.2 Fighting
 + Level 3.1 Axes
 + Level 4.8 Armour
 + Level 5.4 Shields


You had 5 spell levels left.
You didn't know any spells.

Dungeon Overview and Level Annotations

Branches:
Dungeon (4/15)
 Temple: D:4-7

Altars:
Kikubaaqudgha
Ru
Xom

Annotations:
D:4 Flanowski's ghost, novice MfBe


Innate Abilities, Weirdness & Mutations

You are resistant to torment.
Your stone body is resilient (AC +4).
You are immune to poison.
You resist negative energy.
You are resistant to electric shocks.
You can survive without breathing.
You are immune to petrification.
You are immune to rotting.


Message History

Found a stone staircase leading up.
No target in view!
No target in view!
C - a metallic pink potion An ogre comes into view.
It is wielding a giant club.
The ogre hits you with a giant club.
You hit the ogre.
The ogre is moderately wounded.
You block the ogre's attack.
You hit the ogre but do no damage.
The ogre is moderately wounded.
You block the ogre's attack.
You slash the ogre!
The ogre is severely wounded.
The ogre hits you with a giant club!!
Ouch! That really hurt!
You closely miss the ogre.
The ogre is severely wounded.
The ogre hits you with a giant club!!
You die...

#
##.##..##....÷#######.#.#
# #.#....#.##### #<#.#
#####........# #...#
....#.#....### ###....
###.#.##..## #.####
#...######### .(#
###...>.....#########. ##
##..#####....O......
##.####....@#
#.#....##### #...####
#<### ###


You could see an ogre.

Vanquished Creatures
  2 orc wizards (D:4)
  A giant frog skeleton (D:4)
  An orc priest (D:4)
  A hound (D:4)
  Robin (D:3)
  6 adders
  10 gnolls
  4 worms
  14 orcs
  7 bats
  2 giant cockroaches (D:1)
  10 hobgoblins
  7 jackals
  9 kobolds
  4 giant newts
  24 goblins
  9 rats
112 creatures vanquished.

Notes
Turn   | Place    | Note
--------------------------------------------------------------
     0 | D:1      | Runnr the Gargoyle Fighter began the quest for the Orb.
     0 | D:1      | Reached XP level 1. HP: 14/14 MP: 1/1
    41 | D:1      | Reached XP level 2. HP: 17/19 MP: 2/2
   294 | D:1      | Reached XP level 3. HP: 21/23 MP: 3/3
   601 | D:2      | Found a sacrificial altar of Ru.
   608 | D:2      | Reached skill level 4 in Shields
   696 | D:2      | Reached XP level 4. HP: 22/29 MP: 4/4
  1051 | D:3      | Found a faded altar to an unknown god.
  1173 | D:3      | Found an ancient bone altar of Kikubaaqudgha.
  1218 | D:3      | Reached XP level 5. HP: 17/33 MP: 5/5
  2247 | D:3      | Noticed Robin
  2261 | D:3      | Reached XP level 6. HP: 27/39 MP: 6/6
  2274 | D:3      | Killed Robin
  2374 | D:3      | Found a shimmering altar of Xom.
  2462 | D:4      | Reached skill level 5 in Shields
  2486 | D:4      | Reached skill level 5 in Fighting
  2927 | D:4      | Noticed Flanowski's ghost (novice MfBe)
  3045 | D:4      | Got a ripped robe
  3056 | D:4      | Identified the +2 robe of the Guilds {rF++ MR+ MP+9 Str-2} (You found it on level 4 of the Dungeon)
  3098 | D:4      | Slain by an ogre

Action                   |  1- 3 |  4- 6 || total
-------------------------+-------+-------++-------
Melee: War axe           |   132 |   285 ||   417
  Use: Scroll            |       |     6 ||     6
 Stab: Paralysed         |     1 |       ||     1
  Eat: Chunk             |       |     8 ||     8
